 Dungeon Crawl Stone Soup version 0.27.1-1-g398f81649c (webtiles) character file.

Game seed: 8376787285053198440

4977 Descartes the Nimble (level 10, -13/45 (47) HPs)
             Began as a Spriggan Delver on Sept 14, 2021.
             Was a Believer of Dithmenos.
             Killed from afar by an efreet (23 damage)
             ... with a fireball
             ... on level 9 of the Dungeon.
             The game lasted 00:29:36 (12318 turns).

Descartes the Nimble (Spriggan Delver)             Turns: 12318, Time: 00:29:36

HP:   -13/45 (47)   AC:  6    Str: 11    XL:     10   Next: 29%
MP:   12/12         EV: 24    Int: 11    God:    Dithmenos [**....]
Gold: 376           SH:  0    Dex: 18    Spells: 9/9 levels left

rFire    . . .     SeeInvis +   S - +0 rapier (vamp)
rCold    + . .     Faith    .   (shield restricted)
rNeg     . . .     Spirit   .   L - +0 acid dragon scales
rPois    .         Reflect  .   C - +0 hat {SInv}
rElec    .         Harm     .   A - scarf {repulsion}
rCorr    +         Rampage  .   (gloves unavailable)
Will     ++...                  (boots unavailable)
Stlth    ++++++....             E - amulet of regeneration
HPRegen  1.15/turn              h - ring of protection from cold
MPRegen  0.13/turn              P - ring of willpower

@: wreathed by umbra, lightly drained, repel missiles, very quick
A: very small, no large weapons, unfitting armour, see invisible, speed 3
a: Renounce Religion, Shadow Step


You were on level 9 of the Dungeon.
You worshipped Dithmenos.
Dithmenos was pleased with you.
You visited 2 branches of the dungeon, and saw 10 of its levels.
You also visited: Ossuary.

You collected 400 gold pieces.
You spent 24 gold pieces at shops.

Inventory:

Hand Weapons
 b - a +0 hunting sling
 x - a +2 hand axe of venom
 F - a +0 rapier
 N - a +2 short sword of speed
 R - a +3 shortbow of freezing
 S - a +0 vampiric rapier (weapon)
 U - a +4 scimitar of flaming
Missiles
 p - 282 stones (quivered)
 q - 22 poisoned darts
 B - 13 boomerangs
 D - 98 arrows
 O - 50 sling bullets
 V - 2 throwing nets
Armour
 r - a +0 cloak
 A - a scarf of repulsion (worn)
 C - a +0 hat of see invisible (worn)
 H - a +0 buckler
 L - +0 acid dragon scales (worn)
Magical Staves
 Q - a staff of earth
Jewellery
 h - a ring of protection from cold (left hand)
 w - an amulet of magic regeneration
 E - an amulet of regeneration (around neck)
 P - a ring of willpower (right hand)
 T - a +6 ring of intelligence
Wands
 a - a wand of paralysis (16)
 g - a wand of digging (3)
 M - a wand of flame (31)
Scrolls
 c - 3 scrolls of fog
 d - a scroll of magic mapping
 e - a scroll of fear
 k - 3 scrolls of enchant armour
 n - a scroll of noise {unknown}
 s - a scroll of brand weapon {unknown}
 t - a scroll of amnesia {unknown}
 v - 2 scrolls of immolation
 y - a scroll of enchant weapon {unknown}
 G - a scroll of blinking {unknown}
 I - 2 scrolls of teleportation
 K - a scroll of silence {unknown}
Potions
 f - 4 potions of haste
 i - 3 potions of curing
 j - a potion of cancellation
 l - 5 potions of might
 m - 4 potions of berserk rage
 o - a potion of heal wounds
 u - 3 potions of lignification
 z - 2 potions of ambrosia
 J - a potion of attraction


   Skills:
 - Level 2.4 Fighting
 + Level 10.2 Short Blades
 - Level 1.6 Slings
 + Level 11.9 Dodging
 + Level 10.6 Stealth
 + Level 3.8 Shields
 + Level 1.7 Invocations
 + Level 2.3 Evocations


You had 9 spell levels left.
You didn't know any spells.
Your spell library contained the following spells:

 Spells                   Type           Power      Damage    Failure   Level
 Foxfire                  Conj/Fire      0%         2x1d4     50%         1
 Freeze                   Ice            0%         1d3       50%         1
 Conjure Flame            Conj/Fire      0%         6-21      86%         3
 Frozen Ramparts          Ice            0%         1d2       86%         3
 Ignite Poison            Fire/Tmut/Pois 0%         N/A       86%         3
 Inner Flame              Hex/Fire       0%         N/A       86%         3
 Hailstorm                Conj/Ice       0%         3d3       99%         4
 Sticky Flame             Conj/Fire      0%         2d3       99%         4


Dungeon Overview and Level Annotations

Branches:
Dungeon (9/15)             Temple (1/1) D:4         Ossuary (visited)
   Lair: D:8-11         Orc: D:9-12

Altars:
Ashenzari
Cheibriados
Dithmenos
Elyvilon
Fedhas
Gozag
Hepliaklqana
Kikubaaqudgha
Makhleb
Nemelex Xobeh
Okawaru
Qazlal
Ru
Sif Muna
Trog
Uskayaw
Vehumet
Wu Jian
Xom
Yredelemnul
Zin
The Shining One

Shops:
D:5 ?

Annotations:
D:4 Edmund, Sigmund
D:8 3 runed translucent doors, Quickbrownfox's ghost, novice DsGl


Innate Abilities, Weirdness & Mutations

You are very small and have problems with some larger weapons.
You are too small for most types of armour.
You have supernaturally acute eyesight. (SInv)
You cover ground extremely quickly. (Speed+++)


Message History

You hit the efreet.
The efreet is lightly wounded.
The efreet gestures at you.
The bolt of fire is repelled.
You hit the efreet but do no damage.
The efreet is lightly wounded.
The efreet barely misses you.
You hit the efreet.
The efreet is lightly wounded.
You barely miss the efreet.
The efreet is lightly wounded.
The efreet misses you.
You barely miss the efreet.
The efreet is lightly wounded.
The efreet hits you with a +3 scimitar of flaming.
The efreet burns you.
You hit the efreet but do no damage.
The efreet is lightly wounded.
The efreet gestures at you. The bolt of fire misses you.
You barely miss the efreet.
The efreet is lightly wounded.
You barely miss the efreet.
The efreet is lightly wounded.
The efreet gestures at you.
The fireball explodes!
The fireball engulfs you!!
Ouch! That really hurt!
* * * LOW HITPOINT WARNING * * *
The fireball engulfs the efreet.
The efreet completely resists.
You feel much better.
The efreet hits you with a +3 scimitar of flaming!
* * * LOW HITPOINT WARNING * * *
The efreet burns you.
* * * LOW HITPOINT WARNING * * *
An orc comes into view. It is wielding a +0 club.
An orc wizard comes into view. It is wielding a +0 dagger.
The efreet gestures at you.
The fireball explodes!
The fireball engulfs you!!
Ouch! That really hurt!
You die...

...####.....##########..
#....o.................
.#..###o....##########..
.'....).○..## ###
.#.####R#○.# # #.##○# #
#.##.# ##.##.# #.@#...
#.#........# #.
#...###.# #. #.##
#.######## #. ## #...
..... #. #..# #####
#.### #..# #.#...####..#
#)........##


You could see an efreet, an orc wizard and an orc.

Vanquished Creatures
  Erica (D:8)
  A two-headed ogre (D:8)
  An acid dragon (D:8)
  A water moccasin (D:8)
  An ice beast (D:6)
  2 orc warriors
  A hornet zombie (D:7)
  4 centaurs
  2 phantoms (D:5)
  Blork the orc (D:4)
  A kobold brigand (D:8)
  3 bullfrogs
  An elf zombie (D:5)
  A gnoll sergeant (D:8)
  2 elf skeletons (D:5)
  5 scorpions
  A wyvern zombie (D:8)
  3 water moccasin zombies
  2 water moccasin skeletons
  8 wights
  4 howler monkeys
  3 bullfrog zombies
  9 hounds
  4 orc priests
  2 jellies
  2 iguanas
  A human skeleton (D:5)
  2 orc wizards
  A hound skeleton (D:5)
  2 mummies (Ossuary)
  12 gnolls
  A howler monkey skeleton (D:4)
  5 adders
  2 shadow imps
  3 white imps
  2 ufetubi (D:5)
  5 adder zombies (Ossuary)
  2 worms
  3 dart slugs
  15 orcs
  8 bats
  10 endoplasms
  4 giant cockroaches
  4 gnoll zombies (Ossuary)
  7 goblins
  12 hobgoblins
  6 jackals
  6 quokkas
  3 ball pythons
  4 frilled lizards
  8 hobgoblin zombies (Ossuary)
  11 kobolds
  2 kobold zombies (Ossuary)
  8 orc zombies
  7 rats (D:1)
222 creatures vanquished.

Vanquished Creatures (others)
  5 plants
  3 withered plants (D:7)
8 creatures vanquished.

Grand Total: 230 creatures vanquished

Notes
Turn   | Place    | Note
-------+----------+-------------------------------------------
     0 | D:5      | Descartes the Spriggan Delver began the quest for the Orb.
     0 | D:5      | Reached XP level 1. HP: 11/11 MP: 2/2
    69 | D:5      | Reached skill level 3 in Dodging
    69 | D:5      | Reached XP level 2. HP: 16/16 MP: 3/3
    83 | D:5      | Found Nero's Magic Scroll Boutique.
   134 | D:5      | Reached XP level 3. HP: 19/19 MP: 4/4
   142 | D:5      | Found a sand-covered staircase.
   161 | D:5      | Reached skill level 4 in Dodging
   161 | D:5      | Reached XP level 4. HP: 5/23 MP: 5/5
   272 | Ossuary  | Entered an ossuary
  1518 | Ossuary  | Reached XP level 5. HP: 27/27 MP: 6/6
  1974 | Ossuary  | Reached skill level 5 in Dodging
  2747 | Ossuary  | Reached XP level 6. HP: 19/32 MP: 7/7
  3307 | D:5      | Reached skill level 5 in Short Blades
  3307 | D:5      | Reached skill level 6 in Dodging
  3354 | D:5      | Reached XP level 7. HP: 35/35 MP: 8/8
  3524 | D:5      | Reached skill level 10 in Stealth
  3807 | D:5      | Reached skill level 7 in Dodging
  4383 | D:5      | Reached skill level 8 in Dodging
  4383 | D:5      | Reached XP level 8. HP: 21/39 MP: 9/9
  5012 | D:5      | Bought a scroll of identify for 24 gold pieces
  5061 | D:4      | Reached skill level 9 in Dodging
  5671 | D:2      | Found an iron altar of Okawaru.
  5754 | D:1      | Found a faded altar of an unknown god.
  7905 | D:4      | HP: 1/39 [orc priest (5)]
  8011 | D:4      | Found a staircase to the Ecumenical Temple.
  8023 | Temple   | Entered the Ecumenical Temple
  8190 | Temple   | Became a worshipper of Dithmenos the Shadowed
  8219 | D:4      | Noticed Blork the orc
  8226 | D:4      | Killed Blork the orc
  8319 | D:4      | Found a sacrificial altar of Ru.
  8422 | D:4      | Noticed Edmund
  8799 | D:4      | Noticed Sigmund
  8896 | D:6      | Reached skill level 1 in Slings
  8896 | D:6      | Reached skill level 10 in Dodging
  9553 | D:6      | Reached XP level 9. HP: 40/43 MP: 10/10
  9636 | D:7      | Reached * piety under Dithmenos
  9707 | D:7      | Reached skill level 1 in Shields
  9873 | D:7      | Found an ancient bone altar of Kikubaaqudgha.
  9873 | D:7      | Found a blossoming altar of Fedhas.
 10242 | D:7      | Found a shimmering blue altar of Sif Muna.
 10415 | D:7      | Found an opulent altar of Gozag.
 10793 | D:8      | Found a runed translucent gate.
 10794 | D:8      | Found a runed translucent gate.
 10794 | D:8      | Found a runed translucent gate.
 10795 | D:8      | Found an opulent altar of Gozag.
 10797 | D:8      | Noticed Quickbrownfox's ghost (novice DsGl)
 10797 | D:8      | Noticed a deep elf pyromancer
 10887 | D:8      | Noticed Erica
 10967 | D:8      | Noticed a two-headed ogre
 10974 | D:8      | Killed a two-headed ogre
 10975 | D:8      | Reached skill level 11 in Dodging
 11341 | D:8      | Found a hide-covered altar of Uskayaw.
 11370 | D:8      | Reached skill level 10 in Short Blades
 11528 | D:8      | Reached XP level 10. HP: 47/47 MP: 11/11
 11615 | D:8      | Reached ** piety under Dithmenos
 11822 | D:8      | Killed Erica
 11823 | D:8      | Reached skill level 1 in Invocations
 11823 | D:8      | Reached skill level 1 in Evocations
 12311 | D:9      | HP: 1/45 [efreet/fireball (30)]
 12318 | D:9      | Killed from afar by an efreet

Illustrated notes

Levels and vault maps discovered:
D:1:      dpeg_arrival_prison, layout_basic,
          hellmonk_ecumenical_altar_dog_temple
D:2:      layout_rooms, basic_altar
D:3:      layout_basic, minmay_close_crescents
D:4:      cheibrodos_old_hovel, layout_loops_ring,
          nicolae_ru_sacrificial_ziggurat, minmay_temple_entry_glassed_door,
          sigmund_edmund_badplayer, uniq_blork_the_orc
D:5:      minmay_chambers_of_threes, layout_loops_ring,
          nicolae_ossuary_entry_catacombs, serial_shops, nicolae_shop_stone,
          grunt_decor_mini_mirrors, serial_bayou_pond_d
D:6:      layout_rooms
D:7:      layout_basic, grunt_temple_overflow_growth_and_decay,
          mainiacjoe_overflow_boulevard, mainiacjoe_overflow_alcove_2,
          serial_glass, glass_columns_b, glass_columns_a, glass_columns_a,
          glass_columns_c, glass_columns_a, glass_columns_a
D:8:      layout_loops_corners, nicolae_uskayaw_dance_studio,
          ebering_ghost_gozag, uniq_erica
D:9:      layout_loops_ring, serial_shops, nicolae_shop_overgrown_old_shop,
          minmay_misc_feat_room, kennysheep_island_fort, uniq_joseph
Temple:   eino_temple_rhombus

Skill      XL: |  1  2  3  4  5  6  7  8  9 10 |
---------------+-------------------------------+-----
Dodging        | 3 4 5 6 8 10 11 | 11.9
Short Blades   | 3 4 5 6 8 10 | 10.2
Stealth        | 8 9 10 | 10.6
Slings         | 1 |  1.6
Shields        | 3 |  3.8
Invocations    | 1 |  1.7
Evocations     | 2 |  2.3
Fighting       | |  2.4

Action                   |  1- 3 |  4- 6 |  7- 9 | 10-12 || total
-------------------------+-------+-------+-------+-------++-------
Melee: Short sword       |    34 |   337 |   575 |       ||   946
       Rapier            |       |       |   239 |   156 ||   395
 Fire: Hunting sling     |       |       |    33 |       ||    33
Evoke: Wand              |       |       |       |     1 ||     1
  Use: Scroll            |       |       |    10 |     2 ||    12
       Potion            |       |       |     2 |     1 ||     3
 Stab: Sleeping          |     5 |    10 |    57 |     2 ||    74
       Distracted        |       |       |     3 |       ||     3
       Paralysed         |       |       |       |     1 ||     1
Armor: Robe              |     1 |    25 |    29 |       ||    55
       Acid dragon scale |       |       |     4 |     6 ||    10
Dodge: Dodged            |    17 |   190 |   498 |    86 ||   791
       Repelled          |       |       |       |     1 ||     1
